[ AOE2 MATCH · #507016366 ]
UnrankedEthiopians vs Vietnamese
Player's team · WIN
[ REPLAY ANALYSIS · EXTRACTED FROM THE RECORDED GAME ]
Feudal
12:11
Castle
18:21
Imperial
—
| APM avg | 52.1 |
| APM peak | 138 |
| eAPM avg | 19.9 |
| Villagers / military | 40 / 25 |
Focus
⚔️ 39.8% · 🌾 60.2%
Archer ×21 · Militia ×3 · Mangonel ×1
Feudal
12:15
Castle
—
Imperial
—
| APM avg | 54.3 |
| APM peak | 215 |
| eAPM avg | 16.3 |
| Villagers / military | 44 / 14 |
Focus
⚔️ 26.0% · 🌾 74.0%
Skirmisher ×12 · Archer ×2
Match map
Initial resources + every placement click. Lines = walls · curves = elevation contours. ◆ gold · ⬟ stone · ● berries · ✦ relic · ◌ wall gap
Your base· Open — 11t gap
kim.henrik.himanen123's base· Open — unwalled flank
Smoothed initial terrain · ◌ = detected wall gap · hover for details
Inputs per minute
— Hoppsywins - - kim.henrik.himanen123
Build order — Hoppsywins
122 actions detected in the replay
| 0:00 | Queue | Villager (Male) |
| 0:00 | Queue | Villager (Male) |
| 0:02 | Build | House |
| 0:04 | Build | House |
| 0:08 | Queue | Villager (Male) |
| 0:11 | Queue | Villager (Male) |
| 1:37 | Queue | Villager (Male) |
| 1:44 | Build | Lumber Camp |
| 1:56 | Queue | Villager (Male) |
| 2:24 | Queue | Villager (Male) |
| 2:51 | Queue | Villager (Male) |
| 2:51 | Queue | Villager (Male) |
| 3:29 | Queue | Villager (Male) |
| 3:51 | Build | House |
| 4:07 | Queue | Villager (Male) |
| 4:26 | Queue | Villager (Male) |
| 4:42 | Build | Barracks |
| 4:46 | Queue | Villager (Male) |
| 5:20 | Queue | Villager (Male) |
| 5:34 | Queue | Villager (Male) |
| 5:37 | Build | House |
| 5:38 | Queue | Militia |
| 6:12 | Queue | Militia |
| 6:18 | Queue | Villager (Male) |
| 6:29 | Build | Mill |
| 6:56 | Queue | Villager (Male) |
| 7:00 | Build | Farm |
| 7:06 | Queue | Villager (Male) |
| 7:16 | Queue | Militia |
| 7:25 | Build | House |
| 7:26 | Build | House |
| 7:29 | Build | Palisade Wall |
| 7:31 | Build | Palisade Wall |
| 7:33 | Queue | Villager (Male) |
| 7:42 | Research | Loom |
| 8:08 | Queue | Villager (Male) |
| 8:15 | Build | Farm |
| 8:25 | Queue | Villager (Male) |
| 8:27 | Build | Farm |
| 8:38 | Queue | Villager (Male) |
| 9:07 | Queue | Villager (Male) |
| 9:32 | Queue | Villager (Male) |
| 10:01 | Research | Feudal Age |
| 10:01 | Research | Feudal Age |
| 10:09 | Build | Mining Camp |
| 10:48 | Build | Palisade Wall |
| 10:52 | Build | House |
| 11:10 | Build | Palisade Wall |
| 11:32 | Build | Farm |
| 11:35 | Build | Farm |
| 12:05 | Queue | Villager (Male) |
| 12:11 | Age | Feudal Age |
| 12:16 | Build | Archery Range |
| 12:18 | Research | Double-Bit Axe |
| 12:18 | Queue | Villager (Male) |
| 12:30 | Build | Blacksmith |
| 12:37 | Build | Farm |
| 12:37 | Queue | Villager (Male) |
| 13:12 | Queue | Villager (Male) |
| 13:15 | Queue | Archer |
| 13:22 | Build | Archery Range |
| 13:27 | Queue | Villager (Male) |
| 13:36 | Build | Palisade Gate |
| 13:38 | Build | House |
| 13:47 | Queue | Archer |
| 14:05 | Queue | Archer |
| 14:17 | Queue | Villager (Male) |
| 14:19 | Build | Farm |
| 14:20 | Build | Farm |
| 14:22 | Build | Farm |
| 14:40 | Queue | Villager (Male) |
| 14:41 | Queue | Archer |
| 14:42 | Queue | Archer |
| 15:00 | Queue | Archer |
| 15:17 | Build | House |
| 15:18 | Build | House |
| 15:19 | Build | Palisade Wall |
| 15:41 | Research | Castle Age |
| 15:56 | Queue | Archer |
| 15:57 | Queue | Archer |
| 16:19 | Research | Fletching |
| 16:22 | Queue | Archer |
| 16:42 | Research | Horse Collar |
| 16:48 | Build | Farm |
| 16:50 | Build | Farm |
| 17:20 | Queue | Villager (Male) |
| 17:24 | Build | Lumber Camp |
| 17:34 | Queue | Archer |
| 18:21 | Age | Castle Age |
| 18:22 | Research | Crossbowman (upgrade) |
| 18:24 | Research | Bodkin Arrow |
| 18:36 | Build | University |
| 18:37 | Build | House |
| 18:43 | Research | Bow Saw |
| 18:47 | Queue | Archer |
| 18:58 | Queue | Villager (Male) |
| 19:01 | Build | Farm |
| 19:20 | Queue | Villager (Male) |
| 19:23 | Queue | Archer |
| 19:23 | Queue | Archer |
| 19:44 | Queue | Villager (Male) |
| 19:50 | Queue | Archer |
| 19:50 | Queue | Archer |
| 20:04 | Build | House |
| 20:06 | Queue | Archer |
| 20:07 | Queue | Archer |
| 20:31 | Queue | Archer |
| 20:31 | Queue | Archer |
| 20:35 | Queue | Villager (Male) |
| 20:44 | Research | Ballistics |
| 20:46 | Queue | Villager (Male) |
| 21:12 | Build | Siege Workshop |
| 21:19 | Queue | Archer |
| 21:20 | Queue | Archer |
| 21:20 | Queue | Villager (Male) |
| 21:23 | Build | House |
| 21:43 | Queue | Villager (Male) |
| 21:44 | Research | Wheelbarrow |
| 21:44 | Research | Wheelbarrow |
| 22:00 | Queue | Mangonel |
| 22:02 | Build | House |
| 22:09 | Queue | Villager (Male) |
Build order — kim.henrik.himanen123
117 actions detected in the replay
| 0:00 | Queue | Villager (Male) ×4 |
| 0:02 | Build | House |
| 0:02 | Build | House |
| 0:32 | Research | Loom |
| 0:32 | Queue | Villager (Male) ×2 |
| 1:43 | Queue | Villager (Male) |
| 2:28 | Queue | Villager (Male) |
| 2:28 | Queue | Villager (Male) |
| 2:55 | Queue | Villager (Male) |
| 3:26 | Queue | Villager (Male) |
| 3:56 | Queue | Villager (Male) |
| 4:37 | Queue | Villager (Male) |
| 4:56 | Queue | Villager (Male) ×2 |
| 5:22 | Queue | Villager (Male) ×4 |
| 5:36 | Queue | Villager (Male) |
| 5:38 | Build | House |
| 5:45 | Queue | Villager (Male) |
| 5:48 | Queue | Villager (Male) |
| 6:04 | Queue | Villager (Male) |
| 6:26 | Queue | Villager (Male) |
| 6:26 | Queue | Villager (Male) |
| 6:38 | Queue | Villager (Male) |
| 6:46 | Build | House |
| 6:48 | Build | Lumber Camp |
| 7:10 | Queue | Villager (Male) |
| 7:10 | Queue | Villager (Male) |
| 7:16 | Queue | Villager (Male) |
| 7:56 | Build | Outpost |
| 7:58 | Build | Outpost |
| 8:37 | Build | Mill |
| 8:42 | Build | Palisade Wall |
| 8:44 | Build | Palisade Wall |
| 8:45 | Build | Palisade Wall |
| 8:47 | Build | Palisade Wall |
| 9:41 | Build | Palisade Wall |
| 9:51 | Build | House |
| 10:02 | Research | Feudal Age |
| 10:11 | Build | Palisade Wall |
| 10:12 | Build | Palisade Wall |
| 10:14 | Build | Palisade Wall |
| 10:15 | Build | Palisade Wall |
| 10:31 | Build | Mining Camp |
| 11:18 | Build | Barracks |
| 11:22 | Build | Palisade Wall |
| 11:27 | Build | Palisade Wall |
| 11:29 | Build | Palisade Wall |
| 11:30 | Build | Palisade Wall |
| 11:33 | Build | Palisade Wall |
| 11:49 | Build | Palisade Wall |
| 12:15 | Age | Feudal Age |
| 12:18 | Build | Archery Range |
| 12:22 | Research | Double-Bit Axe |
| 12:26 | Queue | Villager (Male) |
| 12:26 | Queue | Villager (Male) |
| 12:32 | Research | Horse Collar |
| 12:41 | Build | Lumber Camp |
| 12:53 | Queue | Archer |
| 12:57 | Build | House |
| 13:04 | Research | Wheelbarrow |
| 13:09 | Build | Palisade Wall |
| 13:23 | Build | Palisade Wall |
| 13:30 | Build | House |
| 13:33 | Queue | Archer |
| 13:44 | Queue | Skirmisher |
| 13:48 | Build | Farm |
| 13:48 | Build | Farm |
| 13:49 | Build | Farm |
| 13:58 | Build | Palisade Wall |
| 14:02 | Queue | Villager (Male) |
| 14:03 | Queue | Villager (Male) |
| 14:05 | Build | Farm |
| 14:18 | Queue | Skirmisher |
| 14:35 | Queue | Villager (Male) |
| 14:39 | Build | Farm |
| 14:44 | Queue | Skirmisher |
| 14:51 | Build | House |
| 15:05 | Build | Farm |
| 15:09 | Queue | Villager (Male) |
| 15:20 | Queue | Skirmisher |
| 15:24 | Build | Palisade Wall |
| 15:43 | Queue | Villager (Male) |
| 15:43 | Queue | Villager (Male) |
| 15:46 | Queue | Skirmisher |
| 16:04 | Build | Blacksmith |
| 16:09 | Queue | Villager (Male) |
| 16:11 | Build | Farm |
| 16:31 | Build | Market |
| 16:36 | Build | House |
| 16:54 | Queue | Villager (Male) |
| 16:54 | Queue | Villager (Male) |
| 17:21 | Build | Farm |
| 17:27 | Build | Farm |
| 17:47 | Queue | Villager (Male) |
| 17:47 | Queue | Villager (Male) |
| 18:50 | Queue | Skirmisher |
| 18:50 | Queue | Skirmisher |
| 18:53 | Build | Archery Range |
| 18:57 | Build | House |
| 19:00 | Build | House |
| 19:18 | Build | Archery Range |
| 19:21 | Queue | Skirmisher |
| 19:23 | Research | Padded Archer Armor |
| 19:36 | Build | Lumber Camp |
| 19:54 | Queue | Skirmisher |
| 19:54 | Queue | Skirmisher |
| 19:56 | Research | Fletching |
| 20:06 | Research | Castle Age |
| 20:21 | Queue | Skirmisher |
| 20:21 | Queue | Skirmisher |
| 20:39 | Queue | Villager (Male) |
| 20:39 | Queue | Villager (Male) |
| 20:41 | Build | Farm |
| 21:25 | Build | House |
| 21:26 | Build | House |
| 21:29 | Build | Palisade Wall |
| 21:29 | Build | Palisade Wall |
| 22:05 | Build | Gate |
Match timeline
| 4:42 | Hoppsywins · first_building Barracks |
| 7:29 | Hoppsywins · wall_segment Palisade Wall x8 |
| 7:31 | Hoppsywins · wall_segment Palisade Wall x3 |
| 8:42 | kim.henrik.himanen123 · wall_segment Palisade Wall x1 |
| 8:44 | kim.henrik.himanen123 · wall_segment Palisade Wall x1 |
| 8:45 | kim.henrik.himanen123 · wall_segment Palisade Wall x1 |
| 8:47 | kim.henrik.himanen123 · wall_segment Palisade Wall x1 |
| 9:41 | kim.henrik.himanen123 · wall_segment Palisade Wall x1 |
| 10:11 | kim.henrik.himanen123 · wall_segment Palisade Wall x1 |
| 10:12 | kim.henrik.himanen123 · wall_segment Palisade Wall x1 |
| 10:14 | kim.henrik.himanen123 · wall_segment Palisade Wall x1 |
| 10:15 | kim.henrik.himanen123 · wall_segment Palisade Wall x1 |
| 10:48 | Hoppsywins · wall_segment Palisade Wall x17 |
| 11:10 | Hoppsywins · wall_segment Palisade Wall x3 |
| 11:18 | kim.henrik.himanen123 · first_building Barracks |
| 11:22 | kim.henrik.himanen123 · wall_segment Palisade Wall x1 |
| 11:27 | kim.henrik.himanen123 · wall_segment Palisade Wall x1 |
| 11:29 | kim.henrik.himanen123 · wall_segment Palisade Wall x1 |
| 11:30 | kim.henrik.himanen123 · wall_segment Palisade Wall x1 |
| 11:33 | kim.henrik.himanen123 · wall_segment Palisade Wall x1 |
| 11:49 | kim.henrik.himanen123 · wall_segment Palisade Wall x1 |
| 12:11 | Hoppsywins · age_up feudal |
| 12:15 | kim.henrik.himanen123 · age_up feudal |
| 12:16 | Hoppsywins · first_building Archery Range |
| 12:18 | kim.henrik.himanen123 · first_building Archery Range |
| 13:09 | kim.henrik.himanen123 · wall_segment Palisade Wall x1 |
| 13:23 | kim.henrik.himanen123 · wall_segment Palisade Wall x1 |
| 13:58 | kim.henrik.himanen123 · wall_segment Palisade Wall x5 |
| 15:19 | Hoppsywins · wall_segment Palisade Wall x1 |
| 15:24 | kim.henrik.himanen123 · wall_segment Palisade Wall x10 |
| 17:51 | kim.henrik.himanen123 · first_market_buy 100 food |
| 18:21 | Hoppsywins · age_up castle |
| 20:05 | kim.henrik.himanen123 · first_market_sell 100 stone |
| 21:12 | Hoppsywins · first_building Siege Workshop |
| 21:29 | kim.henrik.himanen123 · wall_segment Palisade Wall x1 |
| 21:29 | kim.henrik.himanen123 · wall_segment Palisade Wall x1 |
| 22:16 | kim.henrik.himanen123 · resign |
[ AI ANALYSIS · 1 CREDIT ]
What really happened in this match?
Wolo.gg analyzes every decision: build order, eco, micro, common mistakes by bracket. Personalized analysis on WhatsApp or Discord in 30 seconds.
Civ guide
Ethiopians
Perfil
Jugador #456135